 Dungeon Crawl Stone Soup version 0.30.1-8-g117510f58f (webtiles) character file.

Game seed: 16104269752986415796

188 Gabide the Insei (level 5, -4/28 HPs)
             Began as a Vine Stalker Gladiator on Sept 23, 2023.
             Killed from afar by a steam dragon (16 damage)
             ... with a ball of steam
             ... on level 4 of the Dungeon.
             The game lasted 00:06:19 (2983 turns).

Gabide the Insei (Vine Stalker Gladiator)           Turns: 2983, Time: 00:06:19

Health: -4/28      AC:  6    Str: 17    XL:     5   Next: 67%
Magic:  0/6        EV: 13    Int: 14    God:
Gold:   50         SH:  0    Dex: 17    Spells: 4/4 levels left

rFire   . .          .
                       - Unarmed
rCold   . . .        (no shield)
rNeg    . . .        a - +0 leather armour
rPois   .            b - +0 helmet
rElec   .            f - +0 cloak
rCorr   .            (no gloves)
SInv    .            h - +0 pair of boots
Will    .....        i - amulet of the acrobat
Stlth   +            e - +6 ring of intelligence
HPRegen 1.04/turn    (no ring)
MPRegen 0.10/turn

%: acrobat, guardian spirit
@: no status effects
A: fangs 2, regeneration 1, magic shield, antimagic bite, no potion heal 2
a: no special abilities


You were on level 4 of the Dungeon.
You visited 1 branch of the dungeon, and saw 4 of its levels.
You also visited: Sewer.

You collected 146 gold pieces.
You spent 96 gold pieces at shops.

Inventory:

Missiles
 c - 2 throwing nets (quivered)
 d - 3 poisoned darts
Armour
 a - a +0 leather armour (worn)
 b - a +0 helmet (worn)
 f - a +0 cloak (worn)
 h - a +0 pair of boots (worn)
Jewellery
 e - a +6 ring of intelligence (left hand)
 i - an amulet of the acrobat (around neck)
Wands
 q - a wand of mindburst (10)
Scrolls
 l - 2 scrolls of vulnerability
 n - a scroll of immolation
 o - a scroll of fog
 r - a scroll of identify
 s - 2 scrolls of brand weapon {unknown}
 t - a scroll of silence {unknown}
Potions
 g - a potion of haste {unknown}
 k - 4 potions of curing
 m - a potion of attraction
 p - 2 potions of might


   Skills:
 + Level 3.3 Fighting
 - Level 3.0 Throwing
 + Level 3.2 Dodging
 * Level 3.7 Unarmed Combat


You had 4 spell levels left.
You didn't know any spells.
Your spell library was empty.

Dungeon Overview and Level Annotations

Branches:
Dungeon (4/15)              Sewer (visited)
 Temple: D:4-7

Altars:

Shops:
D:2 (!   D:3 !*([


Innate Abilities, Weirdness & Mutations

You have extremely sharp teeth.
Your natural rate of healing is unusually fast.
When hurt, damage is shared between your health and your magic reserves.
Your bite disrupts and absorbs the magic of your enemies.
Potions cannot restore your health.


Message History

You are no longer poisoned.
HP restored.
t - a scroll labelled VAFOTO JAAVUM No target in view!
You open the door.
Found a stone staircase leading down.
There is an open door here.
A steam dragon is nearby!
There is a stone staircase leading down here.
The steam dragon hisses angrily.
Throw: 3 throwing nets
Press: ? - help, Q - select action, (/) - cycle Shift-Dir - straight line, f - steam dragon
Aim: a steam dragon (62% to hit)
You throw a throwing net. The throwing net hits the steam dragon.
The steam dragon is caught in the net!
The steam dragon breathes steam at you. The ball of steam misses you.
The steam dragon struggles against the net.
Throw: javelin
Press: ? - help, Shift-Dir - straight line, f/p - steam dragon
Aim: a steam dragon (entangled in a net, 93% to hit)
You throw a javelin.
The javelin pierces through the steam dragon but does no damage.
You are engulfed in a cloud of scalding steam.
Unknown command.
Aiming: Mindburst
Press: ? - help, Shift-Dir - straight line, f/p - steam dragon
Aim: a steam dragon (entangled in a net, chance to affect: 64%)
The steam dragon's mind is blasted!
You are engulfed in a cloud of scalding steam.
The steam dragon struggles against the net.
Aiming: Mindburst
Press: ? - help, Shift-Dir - straight line, f/p - steam dragon
Aim: a steam dragon (severely wounded, entangled in a net, chance to affect: 64%)
The steam dragon struggles to resist.
You are engulfed in a cloud of scalding steam.
The steam dragon breathes steam at you. The ball of steam hits you!!
Ouch! That really hurt!
You die...

#..D....#.#####.
#.........# #.
#........## #.
#[......## #§
##.......# #.
#........# #.
#......### #.
#..####§..##.#
#(.D§@§§# #.#
#######.# #.###### #.#
#......#
###########'########.#
.................#...#
.................#.###
.................#.#
............######.#
........#####<#
#.######


You could see a steam dragon (caught, catching breath).

Vanquished Creatures
  A jelly (D:3)
  8 adders
  3 river rats
  An orc (D:3)
  5 endoplasms
  5 giant cockroaches
  5 goblins
  2 hobgoblins
  4 jackals
  A quokka (D:3)
  9 ball pythons
  2 frilled lizards
  9 kobolds
  9 rats
64 creatures vanquished.

Notes
Turn   | Place    | Note
-------+----------+-------------------------------------------
     0 | D:1      | Gabide the Vine Stalker Gladiator began the quest for the
                  | Orb.
     0 | D:1      | Reached XP level 1. HP: 11/11 MP: 2/2
   315 | D:1      | Reached XP level 2. HP: 15/15 MP: 3/3
   769 | D:2      | Reached XP level 3. HP: 8/19 MP: 2/4
   924 | D:2      | Found Dyrrorru's Distillery.
   928 | D:2      | Bought a potion of curing for 36 gold pieces
  1207 | D:2      | Found Louf's Weapon Boutique.
  1588 | D:3      | Found Idwats's Antique Armour Shop.
  1617 | D:3      | Found a faded altar of an unknown god.
  1670 | D:3      | Gained mutation: Your natural rate of healing is unusually
                  | fast. [Vine Stalker growth]
  1670 | D:3      | Reached XP level 4. HP: 15/23 MP: 5/5
  1753 | D:3      | Found a glowing drain.
  1761 | Sewer    | Entered a sewer
  1856 | Sewer    | Reached XP level 5. HP: 12/28 MP: 2/6
  2272 | D:2      | Bought a potion of might for 48 gold pieces
  2360 | D:3      | Found Turrew's Distillery.
  2373 | D:3      | Bought a potion of degeneration for 12 gold pieces
  2430 | D:3      | Found Piluser's General Store.
  2598 | D:3      | Found Echosy's Weapon Emporium.
  2679 | D:4      | Noticed a steam dragon
  2784 | D:4      | Noticed a phantom
  2983 | D:4      | Killed from afar by a steam dragon

Illustrated notes

Levels and vault maps discovered:
D:1:      sevenhm_arrival_forest_fort_small_6, layout_loops_ring
D:2:      layout_loops_ring, serial_shops, shop, nicolae_shop_window_shopping
D:3:      layout_loops_cross, shapermc_ecumenical_altar_acropolis,
          portal_sewer_entry_b, serial_shops, nicolae_square_shop, shop, shop,
          nicolae_shop_waterfront, minmay_ruptured
D:4:      layout_basic, mainiacjoe_overflow_swirl, minmay_temple_entry_statues,
          uniq_grinder

Skill      XL: |  1  2  3  4 |
---------------+-------------+-----
Fighting       | 2 3 |  3.3
Throwing       | 2 3 |  3.0
Dodging        | 3 |  3.2
Unarmed Combat | |  3.7

Action                     |  1- 3 |  4- 6 || total
---------------------------+-------+-------++-------
  Melee: Unarmed           |   134 |   139 ||   273
         Bite              |    24 |    32 ||    56
         Punch             |     1 |     2 ||     3
  Throw: Javelin           |     1 |     1 ||     2
         Throwing net      |     1 |     1 ||     2
  Evoke: Wand              |       |     2 ||     2
    Use: Scroll            |     5 |     1 ||     6
   Stab: Sleeping          |     4 |       ||     4
 Armour: Leather armour    |    28 |    40 ||    68
  Dodge: Dodged            |    73 |   115 ||   188
